Match 45831647
Unlisted

Match 45831647
End
Construct Weapon Support Center
Selects Armored Battlegroup
Selects Veteran Crews
M1919 Machine Gun Team
M1919 Machine Gun Team
Bazooka Squad
Engineer Squad
Mechanized Support Center
Bazooka Squad
Construct Medical Station
Improved M9 Bazooka Rockets
Selects M31 Recovery Vehicle
Bazooka Squad
Bazooka Squad
Bazooka Squad
Construct Tank Depot
Engineer Squad
Engineer Squad
Selects War Machine
M4(105) Sherman Bulldozer
Improvised Armor
Engineer Squad
Rapid Repairs
Bazooka Squad
Bazooka Squad
M18 Hellcat Tank Destroyer
M18 Hellcat Tank Destroyer
Engineer Squad
Selects Strength in Steel
Engineer Squad
Selects Seek and Destroy
M31 Recovery Vehicle
Seek and Destroy
M18 Hellcat Tank Destroyer
M18 Hellcat Tank Destroyer
Engineer Squad
Pepe87
shoo ed
Nemesis28
Dumpster Bob
nub
oziligath
_BoRaD_
INTEL
0
0

Comments sign in to comment!

No comments posted yet!